AoeStats
← Darwinou777

Black Forest

505315387Analyzed
1v1 RM · 23d ago on Sep 8, 2026· 52m 6s· 2 players
Game mode
Random Map
Map size
Tiny (2 player)
Population
200
Speed
Normal
Resources
Standard
Victory
Conquest
Starting age
Dark Age
Ending age
Imperial Age
RankedLock teamsTeams togetherTeam positionsShared explorationLock speedFull tech treeHidden civsTurbo modeCheats
Victory
Defeat
🇨🇱 Britons · Chile
609
+17
🇺🇸 Khitans · United States
630
-17
Darwinou777
10:45 Feudal Age
11:16 Double-Bit Axe
12:13 Wheelbarrow
13:23 Horse Collar
17:44 Arson
23:38 Castle Age
21:59 Gold Mining
22:08 Stone Mining
22:42 Fletching
24:11 Forging
24:34 Bow Saw
24:28 Heavy Plow
25:06 Gold Shaft Mining
25:47 Hand Cart
27:34 Treadmill Crane
31:37 Imperial Age
29:34 Padded Archer Armor
29:56 Ballistics
30:32 Scale Mail Armor
30:50 Leather Archer Armor
30:42 Town Watch
30:28 Man-at-Arms
30:57 Gambesons
31:34 Bodkin Arrow
31:33 Loom
31:23 Long Swordsman
33:39 Two-Man Saw
34:44 Chain Mail Armor
35:52 Chemistry
38:01 Bracer
38:32 Ring Archer Armor
38:47 Conscription
39:09 Pikeman
42:53 Yeomen
42:05 Halberdier
43:18 Plate Mail Armor
42:24 Capped Ram
44:18 Iron Casting
44:29 Town Patrol
44:50 Block Printing
44:54 Squires
46:40 Murder Holes
47:01 Cavalier
47:42 Husbandry
47:50 Scale Barding Armor
48:50 Siege Engineers
48:19 Two-Handed Swordsman
49:40 Fortified Wall
49:09 Light Cavalry
51:47 Blast Furnace
evan.matthew.bishop
0:36 Loom
12:10 Feudal Age
12:36 Double-Bit Axe
13:03 Domestication
14:24 Wheelbarrow
13:40 Town Watch
14:49 Town Watch
18:56 Fletching
23:39 Castle Age
21:57 Gold Mining
22:18 Scale Mail Armor
22:42 Scale Mail Armor
22:54 Forging
23:49 Scale Barding Armor
24:54 Pastoralism
25:06 Bow Saw
25:39 Bodkin Arrow
27:25 Fortified Wall
28:00 Fortified Wall
28:40 Masonry
29:22 Iron Casting
28:53 Treadmill Crane
30:11 Chain Mail Armor
30:17 Chain Barding Armor
29:20 Light Cavalry
30:53 Gambesons
31:09 Squires
31:24 Husbandry
31:29 Husbandry
31:59 Husbandry
32:40 Chain Barding Armor
34:07 Arson
38:59 Imperial Age
37:35 Stone Mining
38:51 Ballistics
40:25 Plate Barding Armor
41:04 Chemistry
39:47 Elite Steppe Lancer
41:14 Transhumance
41:37 Conscription
42:29 Ordo Cavalry
44:46 Lamellar Armor
44:44 Elite Liao Dao
49:21 Theocracy
49:10 Sanctity
50:58 Plate Mail Armor
49:50 Heavy Rocket Cart
52:15 Bracer
Connection lost

Rejoining the realm…

Still unreachable

The connection could not be restored.

Session expired

The server has moved on; the page needs a fresh start.